 Dungeon Crawl Stone Soup version 0.25.1-2-g60ff931df9 (webtiles) character file.

Game seed: 15004835625166569635

2877 hawla the Stinger (level 9, 0/64 HPs)
             Began as a Red Draconian Venom Mage on Nov 23, 2020.
             Was an Initiate of Vehumet.
             Slain by a sky beast (5 damage)
             ... on level 8 of the Dungeon on Nov 24, 2020.
             The game lasted 00:30:04 (10754 turns).

hawla the Stinger (Red Draconian Venom Mage)       Turns: 10754, Time: 00:30:06

Health: 0/64       AC: 10    Str: 16 (18) XL:     9   Next: 48%
Magic:  24/29      EV: 12    Int: 24 (26) God:    Vehumet [......]
Gold:   330        SH:  0    Dex: 10 (11) Spells: 11/23 levels left

rFire    + . .     SeeInvis .   C - +0 mace of Reun {freeze, Int+6}
rCold    . . .     Gourm    .   (no shield)
rNeg     . . .     Faith    .   (armour unavailable)
rPois    .         Spirit   .   (helmet restricted)
rElec    .         Reflect  .   z - +1 cloak {MR+}
rCorr    .         Harm     .   v - +0 pair of gloves
MR       +....                  (no boots)
Stlth    ++........             (no amulet)
HPRegen  0.20/turn              p - +6 ring of strength
MPRegen  0.21/turn              n - ring of magical power

@: very slightly contaminated
A: breathe fire, unfitting armour, blurry vision 1, clever 1, fire resistance 1,
cold-blooded, AC +7
a: Breathe Fire, Renounce Religion


You were on level 8 of the Dungeon.
You worshipped Vehumet.
Vehumet was noncommittal.
You were not hungry.

You visited 2 branches of the dungeon, and saw 9 of its levels.

You collected 330 gold pieces.

Inventory:

Hand Weapons
 x - the +11 dire flail "Voanong" {antimagic, MR+}
   (You found it on level 7 of the Dungeon)

   It reduces the magical energy of the wielder, and disrupts the spells and
   magical abilities of those hit.
   Natural abilities and divine invocations are not affected.
   It affects your resistance to hostile enchantments.
 C - the +0 mace of Reun (weapon) {freeze, Int+6}
   (You found it on level 6 of the Dungeon)

   It has been specially enchanted to freeze those struck by it, causing extra
   injury to most foes and up to half again as much damage against particularly
   susceptible opponents.
   It can also slow down cold-blooded creatures.
   It affects your intelligence (+6).
 E - the +4 dagger of Insufficient Pleasure {flame, Dex+4}
   (You found it on level 7 of the Dungeon)

   It has been specially enchanted to burn those struck by it, causing extra
   injury to most foes and up to half again as much damage against particularly
   susceptible opponents.
   It affects your dexterity (+4).
Missiles
 d - 6 boomerangs
 g - 2 throwing nets (quivered)
 m - 18 poisoned darts
 r - 5 silver boomerangs
Armour
 v - a +0 pair of gloves (worn)
 z - a +1 cloak of magic resistance (worn)
Jewellery
 h - an uncursed amulet of magic regeneration {unknown}
 n - a ring of magical power (right hand)
 p - a +6 ring of strength (left hand)
Wands
 B - a wand of flame (18)
Scrolls
 a - 5 scrolls of remove curse
 f - 5 scrolls of teleportation
 s - a scroll of blinking
 y - a scroll of enchant armour
 D - a scroll of identify
Potions
 c - 2 potions of curing
 e - a potion of flight
 i - a potion of invisibility
 j - 4 potions of berserk rage
 l - a potion of resistance
 o - 3 potions of haste
 q - 2 potions of degeneration
 A - a potion of stabbing
Comestibles
 b - 14 rations


   Skills:
 + Level 1.3 Fighting
 + Level 2.1 Dodging
 + Level 2.1 Stealth
 + Level 7.7 Spellcasting
 + Level 0.7 Conjurations
 + Level 4.0 Transmutations
 + Level 4.1 Fire Magic
 + Level 3.9 Air Magic
 + Level 7.8 Poison Magic


You had 11 spell levels left.
You knew the following spells:

 Your Spells              Type           Power        Failure   Level  Hunger
a - Magic Dart            Conj           ##..         4%          1    None
b - Poisonous Vapours     Pois/Air       #####.       1%          2    None
c - Olgreb's Toxic Radia  Pois           #####...     2%          4    ###....
d - Ignite Poison         Fire/Tmut/Pois ####....     2%          3    None
e - Blink                 Tloc           N/A          10%         2    None

Your spell library contained the following spells:

 Spells                   Type           Power        Failure   Level  Hunger
 Sting                    Tmut/Pois      ####         1%          1    None
 Mephitic Cloud           Conj/Pois/Air  ####....     3%          3    None
 Conjure Flame            Conj/Fire      ###.....     8%          3    None
 Call Imp                 Summ           #.......     10%         2    None
 Slow                     Hex            #.......     10%         2    None


Dungeon Overview and Level Annotations

Branches:
Dungeon (8/15)             Temple (1/1) D:6
   Lair: D:8-11

Altars:
Ashenzari
Cheibriados
Dithmenos
Fedhas
Gozag
Kikubaaqudgha
Makhleb
Okawaru
Qazlal
Ru
Sif Muna
Trog
Uskayaw
Vehumet
Wu Jian
Xom
Yredelemnul
Zin
The Shining One

Annotations:
D:6 2 transporters, Morp's ghost, novice MfSu


Innate Abilities, Weirdness & Mutations

You can breathe blasts of fire.
Your fiery red scales are hard. (AC +7)
You cannot fit into any form of body armour.
Your flesh is heat resistant. (rF+)
You are cold-blooded and may be slowed by cold attacks.
Scrolls take you a little longer to read.
Your mind is acute. (Int +2)


Message History

Confirm with . or Enter, or press ? or * to list all spells.
Aiming: Magic Dart (safe; 4% risk of failure)
Press: ? - help, Shift-Dir - straight line, f/p - sky beast
Aim: a sky beast (heavily wounded)
The magic dart hits the hornet zombie.
The hornet zombie is severely damaged.
The sky beast flickers out of sight!
The hornet zombie hits you!
* * * LOW HITPOINT WARNING * * *
Okay, then.
Casting: Magic Dart (safe; 4% risk of failure)
Confirm with . or Enter, or press ? or * to list all spells.
You blink.
The hornet zombie closely misses you. Something hits you but does no damage.
Casting: Blink (safe; 10% risk of failure)
Confirm with . or Enter, or press ? or * to list all spells.
You miscast Blink.
You are very lightly contaminated with residual magic.
Nothing appears to happen.
The hornet zombie barely misses you. Something hits you.
You die...

...####.#..### # ...#
#...... ...# #.#..###
...# #.#..##
#######.#...#
.........{..#
...####..#..# ...#
#.....########### ...##
##.##.....@.....# ....#
# ##.....Z§.!.# ..≈.#
#..........#
....#####+##..........#
......................#
......................#
##....................#
###..................<
###...%..#.########.#


You could see a hornet zombie.

Vanquished Creatures
  Sigmund (D:4)
  A wyvern (D:8)
  A human (D:7)
  A yak (D:7)
  3 hogs (D:7)
  A water moccasin (D:7)
  2 sky beasts (D:6)
  A black bear (D:6)
  A centaur (D:7)
  2 ogres
  3 bullfrogs
  A water moccasin zombie (D:7)
  A scorpion (D:6)
  A howler monkey (D:6)
  4 crimson imps
  4 hounds
  A bullfrog skeleton (D:4)
  3 jellies
  Crazy Yiuf (D:5)
  An orc wizard (D:8)
  2 iguanas
  4 worker ants
  A hound skeleton (D:5)
  Robin (D:2)
  11 adders
  3 gnolls (D:8)
  An ooze (D:3)
  An adder skeleton (D:4)
  2 adder zombies
  5 worms
  2 dart slugs (D:1)
  9 leopard geckos
  7 orcs
  5 giant cockroaches
  13 goblins
  11 hobgoblins
  12 jackals
  6 quokkas
  3 ball pythons
  4 bats
  4 frilled lizards
  A jackal skeleton (D:5)
  A jackal zombie (D:5)
  6 kobolds
  A quokka zombie (D:7)
  9 rats
159 creatures vanquished.

Notes
Turn   | Place    | Note
-------+----------+-------------------------------------------
     0 | D:1      | hawla the Draconian Venom Mage began the quest for the Orb.
     0 | D:1      | Reached XP level 1. HP: 14/14 MP: 3/3
   218 | D:1      | Reached XP level 2. HP: 16/20 MP: 1/5
   222 | D:1      | Learned a level 2 spell: Poisonous Vapours
   837 | D:1      | Reached skill level 1 in Air Magic
  1298 | D:2      | Reached XP level 3. HP: 26/26 MP: 1/7
  1568 | D:2      | Reached XP level 4. HP: 33/33 MP: 3/8
  1574 | D:2      | Learned a level 4 spell: Olgreb's Toxic Radiance
  1790 | D:2      | Noticed Robin
  1801 | D:2      | Killed Robin
  2650 | D:3      | Gained mutation: You are clumsy. (Dex -2) [potion of
                  | mutation]
  2650 | D:3      | Gained mutation: Scrolls take you a little longer to read.
                  | [potion of mutation]
  2650 | D:3      | Lost mutation: You are clumsy. (Dex -2) [potion of
                  | mutation]
  2650 | D:3      | Gained mutation: Your mind is acute. (Int +2) [potion of
                  | mutation]
  2909 | D:3      | Reached XP level 5. HP: 38/38 MP: 0/9
  4428 | D:4      | Reached XP level 6. HP: 21/45 MP: 1/11
  4697 | D:4      | Noticed Sigmund
  4719 | D:5      | Entered Level 5 of the Dungeon
  4744 | D:5      | Got a twisted war axe
  4745 | D:5      | Identified the +8 war axe "Irpheucs" {freeze, rN++ Str+3}
                  | (You found it on level 5 of the Dungeon)
  4935 | D:4      | Killed Sigmund
  4935 | D:4      | Reached skill level 5 in Poison Magic
  5607 | D:5      | Your scales start taking on a fiery red colour.
  5607 | D:5      | Reached XP level 7. HP: 48/50 MP: 14/14
  5607 | D:5      | Gained mutation: Your flesh is heat resistant. (rF+) [Red
                  | Draconian growth]
  5699 | D:5      | Found a stormy altar of Qazlal.
  5707 | D:5      | Reached skill level 5 in Spellcasting
  6088 | D:5      | Found a runed translucent door.
  6089 | D:5      | Noticed Crazy Yiuf
  6167 | D:5      | Learned a level 3 spell: Ignite Poison
  6342 | D:5      | Killed Crazy Yiuf
  6440 | D:6      | Reached skill level 1 in Fire Magic
  6623 | D:6      | Found a staircase to the Ecumenical Temple.
  6624 | D:6      | Found a transporter.
  6625 | D:6      | Noticed a wraith
  6629 | D:6      | Found a transporter.
  6631 | D:6      | Noticed Morp's ghost (novice MfSu)
  6715 | D:6      | Reached XP level 8. HP: 55/57 MP: 16/16
  7252 | D:6      | Got a transparent mace
  7253 | D:6      | Identified the cursed +0 mace of Reun {freeze, Int+6} (You
                  | found it on level 6 of the Dungeon)
  7638 | Temple   | Entered the Ecumenical Temple
  8473 | D:7      | Learned a level 1 spell: Magic Dart
  8476 | D:7      | Learned a level 2 spell: Blink
  8559 | Temple   | Became a worshipper of Vehumet
  8798 | D:7      | Got an encrusted dire flail
  8799 | D:7      | Identified the +11 dire flail "Voanong" {antimagic, MR+}
                  | (You found it on level 7 of the Dungeon)
  9404 | D:7      | Got a transparent dagger
  9405 | D:7      | Identified the +4 dagger of Insufficient Pleasure {flame,
                  | Dex+4} (You found it on level 7 of the Dungeon)
  9790 | D:7      | Reached XP level 9. HP: 63/63 MP: 11/19
  9899 | D:7      | Found a snail-covered altar of Cheibriados.
 10232 | D:8      | Reached skill level 1 in Fighting
 10754 | D:8      | Slain by a sky beast

Illustrated notes

Levels and vault maps discovered:
D:1:      roderic_crop_circles_arrival_small, layout_basic
D:2:      layout_basic, uniq_robin
D:3:      layout_basic
D:4:      layout_gridville, chequers_arboretum, uniq_sigmund
D:5:      layout_rooms, nicolae_qazlal_general_emergency, gup_sewer_entry_bowl,
          first_ration, minmay_misc_feat_iff, uniq_crazy_yiuf_cottage
D:6:      layout_basic, minmay_temple_entry_junction_2,
          gammafunk_ghost_mausoleum, serial_co_window_serial, co_window_paths_a,
          co_window_cross_1, co_window_corner_a, co_window_paths_a,
          co_window_of_opportunity_a, co_window_paths_a, co_window_paths_b,
          co_window_unsneaky_path_b, co_window_corner_cb, co_window_corner_b,
          co_window_cross_4, co_window_corner_b, glass_columns_a,
          glass_columns_a
D:7:      layout_gridville, grunt_livestock, cheibriados_altar_1
D:8:      layout_basic, minmay_overflow_temple_star_quad,
          gup_ossuary_entry_pyramid
Temple:   dpeg_five_rooms_temple

Skill      XL: |  1  2  3  4  5  6  7  8  9 |
---------------+----------------------------+-----
Air Magic      | 1 2 3 |  3.9
Poison Magic   | 4 5 6 7 |  7.8
Spellcasting   | 3 4 5 6 7 |  7.7
Fire Magic     | 2 4 |  4.1
Transmutations | 2 3 4 |  4.0
Dodging        | 2 |  2.1
Stealth        | 2 |  2.1
Fighting       | 1 |  1.3
Conjurations   | |  0.7

Action                   |  1- 3 |  4- 6 |  7- 9 || total
-------------------------+-------+-------+-------++-------
Melee: Unarmed           |    17 |     5 |       ||    22
       Tailslap          |     4 |     6 |    16 ||    26
       Whip              |       |    23 |       ||    23
       Quarterstaff      |       |     7 |       ||     7
       War axe           |       |    15 |    51 ||    66
       Mace              |       |       |    80 ||    80
 Cast: Sting             |    23 |    26 |     6 ||    55
       Poisonous Vapours |    21 |    69 |    65 ||   155
       Olgreb's Toxic Ra |       |     5 |    14 ||    19
       Ignite Poison     |       |       |     9 ||     9
       Magic Dart        |       |       |    41 ||    41
       Blink             |       |       |     7 ||     7
 Abil: Breathe Fire      |       |       |     1 ||     1
  Use: Scroll            |     2 |    11 |     9 ||    22
       Potion            |       |     1 |     5 ||     6
 Stab: Sleeping          |       |       |     2 ||     2
  Eat: Chunk             |     2 |     9 |    11 ||    22
       Ration            |       |     3 |     2 ||     5
Armor: Skin              |    10 |    22 |    83 ||   115
Dodge: Dodged            |    20 |    53 |   127 ||   200
